Map: Rovine di Seras

Players

RøyalChëëse

  • Race: Terran Terran
  • League: Platinum

Mørtebianca

  • Race: Terran Terran
  • League: Diamond

KingKong

  • Race: Zerg Zerg
  • League: Master

Jhyrachy

  • Race: Zerg Zerg
  • League: Silver

VOD

Have the link to the VOD?

Description

Time

  • Played on: Dec. 3, 2015, 6:21 p.m.
  • Length: 15:30
Show
View Real Time Build Order
Export as new Build Order

RøyalChëëse Terran 

Build Orders: Command Center First (CC), MMM Bio 

Get SALT Encoding   

  12  0:01  SCV  
  13  0:13  SCV  
  14  0:20  Supply Depot  
  14  0:25  SCV  
  15  0:41  SCV  
  16  0:53  SCV  
  17  1:06  SCV  
  17  1:09  Command Center  
  18  1:18  SCV  
  19  1:23  Barracks  
  19  1:30  SCV  
  20  1:37  Barracks  
  20  1:42  SCV  
  21  1:51  Barracks  
  21  1:55  SCV  
  23  2:11  Orbital Command  
  22  2:16  Marine  
  22  2:22  Orbital Command  
  23  2:31  Supply Depot  
  23  2:35  Marine  
  23  2:36  Marine  
  25  2:40  SCV  
  26  2:44  Marine  
  26  2:45  Bunker  
  26  2:49  Refinery  
  26  2:50  SCV  
  28  2:56  SCV  
  28  2:58  Marine x2  
  29  3:02  SCV  
  32  3:09  Refinery  
  32  3:11  SCV  
  33  3:14  SCV  
  33  3:19  Marine  
  34  3:20  Marine x2  
  34  3:23  SCV  
  34  3:26  SCV  
  39  3:35  SCV  
  39  3:38  Barracks Tech Lab, SCV  
  41  3:44  Engineering Bay  
  41  3:48  SCV, Engineering Bay  
  42  3:51  SCV  
  43  3:57  Refinery  
  43  3:58  Marine x3  
  43  3:59  Refinery  
  43  4:00  Stimpack  
  46  4:14  Supply Depot  
  46  4:15  Supply Depot  
  46  4:27  Factory  
  46  4:35  Terran Infantry Weapons Level 1, Marine x3, SCV x2  
  46  4:38  Terran Infantry Armor Level 1  
  51  4:47  SCV x2  
  53  4:53  Marine x3  
  53  4:59  Missile Turret, SCV x2  
  58  5:01  Missile Turret  
  58  5:11  SCV  
  58  5:12  Factory Reactor, SCV  
  60  5:16  Starport  
  60  5:19  Marine x2  
  60  5:20  Command Center  
  62  5:25  Supply Depot  
  62  5:29  Marine  
  62  5:30  SCV  
  62  5:33  SCV  
  59  5:38  Marine x2  
  59  5:42  SCV  
  61  5:45  Armory, SCV  
  61  5:49  Supply Depot  
  62  5:53  Supply Depot  
  62  5:54  SCV  
  64  5:57  Marine, SCV  
  64  5:58  Marine  
  64  5:59  Marine  
  64  6:01  Combat Shields  
  67  6:06  SCV  
  67  6:10  Missile Turret  
  67  6:11  SCV  
  69  6:18  SCV  
  69  6:20  Factory Reactor  
  69  6:24  SCV  
  71  6:26  Barracks Reactor x2  
  71  6:30  SCV  
  72  6:33  Barracks  
  72  6:35  Barracks  
  72  6:38  SCV, Barracks  
  72  6:39  Orbital Command  
  73  6:45  Terran Infantry Armor Level 2, Terran Infantry Weapons Level 2  
  73  6:50  Medivac x2  
  73  6:52  SCV x2  
  79  7:04  SCV x2  
  81  7:08  Missile Turret  
  81  7:10  Supply Depot  
  81  7:11  Supply Depot  
  81  7:18  Marauder, Marine x4  
  81  7:21  Medivac x2  
  91  7:24  Barracks Tech Lab x2  
  91  7:25  Barracks Tech Lab  
  91  7:36  Marine  
  92  7:39  Marauder  
  92  7:41  Orbital Command, Marine x3  
  97  7:45  Marauder x3  
  103  7:53  Marine, Supply Depot  
  103  7:54  Supply Depot  
  104  7:59  Marine x2  
  104  8:00  Marauder  
  108  8:13  SCV x2  
  108  8:16  Marine x3  
  108  8:17  Marauder x2, Marine x2  
  119  8:20  Medivac  
  119  8:22  Marauder  
  119  8:23  Medivac  
  113  8:35  Marauder, Marine x3  
  113  8:36  Marine  
  113  8:38  Marauder x2  
  111  8:43  Marauder  
  99  8:50  Medivac  
  99  8:52  Marine  
  99  8:53  Marine x3  
  91  8:56  Marauder  
  91  8:59  Marauder, Marine  
  87  9:04  Marine  
  87  9:05  SCV x2  
  82  9:10  Marine  
  82  9:16  Marine x2  
  79  9:17  Marauder  
  79  9:18  SCV  
  79  9:28  Marine  
  79  9:29  Marauder, Marine x3  
  86  9:31  SCV x2  
  86  9:33  SCV  
  88  9:43  Marine x2, SCV  
  88  9:44  Marine, SCV  
  88  9:45  SCV  
  91  9:55  SCV  
  91  9:56  SCV  
  91  9:59  Marine x2  
  93  10:00  Marauder x2, Marine x2  
  93  10:01  Marine  
  88  10:16  Marine  
  88  10:17  Marine x2  
  88  10:18  Marauder  
  93  10:21  Marauder  
  93  10:24  Missile Turret  
  82  10:29  Marine  
  82  10:30  Marauder, Marine  
  82  10:34  Marauder  
  73  10:36  SCV  
  69  10:47  SCV  
  69  10:48  SCV  
  69  10:56  Marine  
  67  10:57  Marauder  
  67  10:59  SCV  
  67  11:06  Orbital Command  
  67  11:14  Marauder x2, Marine x2  
  67  11:16  Marine  
  72  11:22  Marine x2  
  74  11:26  SCV  
  74  11:27  SCV  
  70  11:34  SCV  
  70  11:38  SCV, Medivac  
  70  11:39  SCV  
  60  11:41  Medivac  
  60  11:46  SCV  
  63  11:49  Marauder, Marine  
  63  11:50  Marine  
  63  11:52  SCV  
  68  11:55  SCV  
  68  11:58  SCV  
  70  12:04  SCV  
  70  12:05  Marine  
  70  12:06  Marauder  
  70  12:07  Marine, SCV  
  76  12:08  Medivac  
  76  12:09  Marine  
  76  12:10  Marine, SCV  
  76  12:11  Marine  
  76  12:12  Marine  
  83  12:17  SCV  
  83  12:20  SCV  
  83  12:22  SCV  
  86  12:28  Marauder x2, Marine x2  
  86  12:29  SCV  
  93  12:32  SCV  
  93  12:39  Marine x2  
  93  12:40  Marauder x2  
  82  12:45  Marine  
  82  12:46  Marine  
  82  12:48  SCV  
  82  12:49  Marine  
  82  12:50  Marauder, SCV  
  85  12:52  SCV  
  85  12:57  Marine  
  87  13:01  Marauder  
  89  13:27  Marauder, Marine x4  
  89  13:28  Marauder x3  
  101  13:35  Refinery  
  101  13:37  Refinery  
  101  13:43  Orbital Command  
  101  13:45  Marine x2  
  101  13:46  Marine x2  
  105  13:49  Marauder x2, Marine  
  105  13:50  Marauder  
  112  14:02  Marine  
  105  14:08  Marine  
  105  14:09  Marauder, Marine x2  
  84  14:10  Marauder x2, Marine  
  85  14:20  Marine  
  85  14:26  Marine x2  
  85  14:27  Marine  
  85  14:29  Marauder  
  85  14:30  Marauder  
  83  14:31  Marine  
  83  14:32  Marauder  
  83  14:38  Marine  
  73  14:44  Marine x3  
  52  14:49  Marauder  
  52  14:50  Marauder  
  52  14:52  Marauder  
  50  14:53  Marine  
  50  14:56  Marine  
  35  15:16  SCV  
  35  15:17  SCV  
Show
View Real Time Build Order
Export as new Build Order

Mørtebianca Terran 

Build Orders:  

Get SALT Encoding   

  12  0:01  Drone  
  13  0:08  Drone  
  14  0:22  Overlord  
  14  0:41  Drone x3  
  17  0:57  Drone  
  17  1:01  Hatchery  
  17  1:05  Extractor  
  17  1:09  Drone  
  17  1:17  Spawning Pool  
  16  1:22  Drone  
  17  1:27  Drone  
  18  1:34  Overlord  
  18  1:45  Drone  
  19  1:56  Drone  
  20  2:08  Metabolic Boost  
  20  2:18  Queen  
  22  2:30  Drone x2, Queen  
  26  2:43  Drone  
  26  2:44  Drone x4  
  31  2:54  Drone  
  32  3:05  Queen  
  32  3:12  Hatchery  
  33  3:16  Zergling x6  
  33  3:18  Overlord x2  
  36  3:38  Drone x5  
  41  3:42  Drone  
  41  3:45  Drone  
  43  3:49  Drone x3  
  46  3:57  Overlord  
  46  4:04  Hatchery, Extractor  
  46  4:05  Extractor  
  46  4:06  Drone  
  46  4:08  Spine Crawler  
  46  4:09  Drone  
  44  4:10  Overlord  
  44  4:11  Overlord  
  44  4:22  Drone x3  
  44  4:23  Drone x3  
  50  4:26  Drone x2  
  50  4:29  Drone  
  53  4:32  Drone x3  
  53  4:37  Baneling Nest  
  55  4:41  Drone  
  55  4:42  Drone x2  
  55  4:45  Extractor  
  57  4:50  Zergling x4  
  57  4:51  Zergling x6  
  61  4:58  Roach Warren  
  60  5:01  Evolution Chamber  
  60  5:04  Evolution Chamber  
  60  5:05  Drone x3  
  61  5:09  Drone x2  
  61  5:13  Lair  
  63  5:16  Drone x2  
  63  5:18  Drone  
  66  5:27  Drone x5  
  69  5:31  Drone x2  
  69  5:34  Drone  
  70  5:39  Drone x2  
  70  5:40  Drone  
  73  5:46  Drone  
  74  5:50  Extractor  
  74  5:52  Spore Crawler  
  74  5:56  Spore Crawler x2  
  69  5:59  Drone x3  
  69  6:00  Drone x3  
  69  6:01  Extractor  
  69  6:03  Zerg Missile Weapons Level 1  
  69  6:04  Zerg Ground Armor Level 1  
  74  6:07  Roach x3  
  74  6:08  Overlord x2  
  74  6:10  Glial Reconstitution  
  80  6:14  Overlord x2  
  80  6:24  Spine Crawler x2  
  80  6:25  Overlord x2  
  78  6:29  Roach x3  
  78  6:31  Roach  
  78  6:32  Roach  
  88  6:36  Drone  
  88  6:37  Drone  
  90  6:40  Roach x3  
  90  6:41  Roach  
  90  6:44  Pneumatized Carapace  
  90  6:45  Roach  
  100  6:47  Roach  
  100  6:50  Roach x2  
  100  6:52  Roach  
  100  6:54  Roach  
  110  6:55  Roach  
  110  6:58  Centrifical Hooks  
  114  7:01  Roach  
  114  7:09  Roach  
  114  7:10  Roach x5  
  114  7:12  Roach  
  114  7:15  Overlord  
  128  7:16  Overlord  
  128  7:18  Overlord  
  128  7:26  Hydralisk Den  
  127  7:33  Queen  
  127  7:35  Nydus Network  
  128  7:37  Tunneling Claws  
  128  7:39  Burrow  
  128  7:43  Overseer  
  127  8:00  Hydralisk x10  
  147  8:07  Hydralisk  
  147  8:08  Hydralisk  
  147  8:09  Overlord x2  
  151  8:25  Overlord x3  
  151  8:32  Hydralisk  
  151  8:33  Hydralisk x6  
  139  8:51  Hydralisk x8  
  137  8:58  Roach x3  
  118  9:09  Hydralisk  
  104  9:10  Hydralisk x2  
  104  9:15  Drone x3  
  106  9:21  Queen  
  106  9:22  Drone x3  
  111  9:26  Drone x6  
  117  9:40  Hydralisk x5  
  127  9:46  Roach x2  
  127  9:53  Hydralisk x5  
  127  9:57  Zergling x4  
  127  9:58  Zergling x2  
  128  10:07  Zerg Missile Weapons Level 2  
  128  10:08  Zerg Ground Armor Level 2  
  122  10:14  Roach x4  
  126  10:23  Hydralisk  
  126  10:24  Hydralisk x2  
  126  10:25  Zergling x2  
  126  10:26  Zergling x6  
  134  10:31  Zergling x8  
  132  10:38  Roach x4  
  133  10:47  Roach x3  
  133  10:48  Lair  
  125  11:01  Hatchery  
  125  11:03  Drone x3  
  127  11:04  Extractor  
  127  11:05  Drone x3  
  127  11:07  Extractor  
  104  11:36  Drone x2  
  104  11:37  Drone  
  104  11:38  Drone x3  
  110  11:40  Drone x2  
  112  11:49  Hydralisk Den  
  111  12:02  Roach  
  111  12:03  Roach x9  
  111  12:07  Roach  
  133  12:14  Hatchery, Roach x2  
  133  12:15  Hatchery, Roach  
  138  12:18  Hydralisk  
  138  12:19  Roach  
  138  12:21  Hydralisk x3  
  145  12:24  Hydralisk x2  
  145  12:27  Roach  
  151  12:30  Hydralisk  
  151  12:43  Hydralisk  
  133  12:44  Hydralisk x3  
  133  12:51  Hydralisk x4  
  131  13:01  Hydralisk x4  
  139  13:08  Hydralisk x2  
  143  13:14  Hatchery, Queen x3  
  143  13:18  Hydralisk x2  
  152  13:25  Roach  
  152  13:26  Roach x3  
  160  13:35  Hydralisk x5  
  170  13:42  Hydralisk x3  
  170  13:43  Hydralisk x3  
  176  13:49  Hydralisk x3  
  176  14:06  Roach x3  
  166  14:10  Extractor  
  166  14:14  Lair, Roach x7  
  166  14:15  Roach x4  
  187  14:27  Hydralisk x5  
  195  14:33  Overlord x2  
  157  14:56  Roach  
  151  15:01  Infestation Pit  
Show
View Real Time Build Order
Export as new Build Order

KingKong Zerg 

Build Orders:  

Get SALT Encoding   

Show
View Real Time Build Order
Export as new Build Order

Jhyrachy Zerg 

Build Orders:  

Get SALT Encoding   

Tags
 
Add a new tag
Caveats
  • Supply blocks, unpowered buildings, or Contaminate may cause inaccurate times.
  • Supply counts are checked every 10 seconds.